 Dungeon Crawl Stone Soup version 0.27.1-4-g1640c2035a (webtiles) character file.

Game seed: 13748144740769068046

461 styxcanada the Covert (level 6, -3/28 (32) HPs)
             Began as a Spriggan Brigand on Nov 3, 2021.
             Slain by an orc (7 damage)
             ... on level 4 of the Dungeon.
             The game lasted 00:20:17 (4786 turns).

styxcanada the Covert (Spriggan Brigand)            Turns: 4786, Time: 00:20:18

HP:   -3/28 (32)    AC:  3    Str:  7    XL:     6   Next: 79%
MP:   7/7           EV: 22    Int: 12    God:
Gold: 136           SH:  6    Dex: 19    Spells: 5/5 levels left

rFire    . . .     SeeInvis +   a - +3 dagger
rCold    . . .     Faith    .   t - +0 buckler
rNeg     . . .     Spirit   .   b - +0 robe
rPois    .         Reflect  .   (helmet restricted)
rElec    .         Harm     .   c - +0 cloak
rCorr    .         Rampage  .   (gloves unavailable)
Will     +....                  (boots unavailable)
Stlth    ++++......             (no amulet)
HPRegen  0.09/turn              i - +4 ring of evasion
MPRegen  0.10/turn              (no ring)

@: heavily drained, very quick
A: very small, no large weapons, unfitting armour, see invisible, speed 3
a: no special abilities


You were on level 4 of the Dungeon.
You visited 1 branch of the dungeon, and saw 4 of its levels.

You collected 136 gold pieces.

Inventory:

Hand Weapons
 a - a +3 dagger (weapon)
 v - a +0 hunting sling
 z - a +0 dagger of electrocution
Missiles
 d - 17 poisoned darts (quivered)
 e - 2 curare-tipped darts
 n - 104 stones
 x - 23 sling bullets
Armour
 b - a +0 robe (worn)
 c - a +0 cloak (worn)
 t - a +0 buckler (worn)
Jewellery
 g - a ring of fire
 i - a +4 ring of evasion (left hand)
Scrolls
 f - a scroll of enchant weapon
 j - 2 scrolls of identify
 m - a scroll of noise {unknown}
 p - a scroll of acquirement {unknown}
 q - 2 scrolls of magic mapping {unknown}
 r - a scroll of immolation {unknown}
 s - 2 scrolls of teleportation {unknown}
 u - a scroll of vulnerability {unknown}
 y - a scroll of summoning {unknown}
 A - a scroll of holy word {unknown}
Potions
 h - 3 potions of curing
 k - a potion of resistance
 o - a potion of flight
 w - a potion of invisibility


   Skills:
 * Level 2.5 Fighting
 + Level 3.3 Short Blades
 + Level 3.0 Throwing
 * Level 4.0 Dodging
 * Level 9.1 Stealth
 * Level 1.2 Shields


You had 5 spell levels left.
You didn't know any spells.
Your spell library contained the following spells:

 Spells                   Type           Power      Damage    Failure   Level
 Frozen Ramparts          Ice            0%         1d2       83%         3
 Iron Shot                Conj/Erth      0%         9d1       100%        6
 Chain Lightning          Conj/Air       0%         N/A       100%        9


Dungeon Overview and Level Annotations

Branches:
Dungeon (4/15)
 Temple: D:4-7

Altars:
Cheibriados

Shops:
D:2 [

Annotations:
D:3 Icepheonix32's ghost, amateur DsFi


Innate Abilities, Weirdness & Mutations

You are very small and have problems with some larger weapons.
You are too small for most types of armour.
You have supernaturally acute eyesight. (SInv)
You cover ground extremely quickly. (Speed+++)


Message History

The poisoned dart closely misses the orc.
Throw: 23 darts (poison)
Press: ? - help, Q - select action, (/) - cycle Shift-Dir - straight line, f/p - orc
Aim: an orc, wielding a +0 trident and wearing a +0 scale mail (66% to hit)
You throw a poisoned dart.
The poisoned dart closely misses the orc.
Throw: 22 darts (poison)
Press: ? - help, Q - select action, (/) - cycle Shift-Dir - straight line, f/p - orc
Aim: an orc, wielding a +0 trident and wearing a +0 scale mail (66% to hit)
You throw a poisoned dart.
The poisoned dart barely misses the orc.
Unknown command.
Throw: 21 darts (poison)
Press: ? - help, Q - select action, (/) - cycle Shift-Dir - straight line, f/p - orc
Aim: an orc, wielding a +0 trident and wearing a +0 scale mail (66% to hit)
You throw a poisoned dart.
The poisoned dart barely misses the orc.
The orc barely misses you.
Throw: 20 darts (poison)
Press: ? - help, Q - select action, (/) - cycle Shift-Dir - straight line, f/p - orc
Aim: an orc, wielding a +0 trident and wearing a +0 scale mail (66% to hit)
You throw a poisoned dart. The poisoned dart hits the orc!
The orc is poisoned.
The endoplasm closely misses you.
Throw: 19 darts (poison)
Press: ? - help, Q - select action, (/) - cycle Shift-Dir - straight line, f/p - orc
Aim: an orc, wielding a +0 trident and wearing a +0 scale mail (lightly wounded, very poisoned, 66% to hit)
You throw a poisoned dart.
The poisoned dart closely misses the orc.
The orc completely misses you. The endoplasm misses you.
Throw: 18 darts (poison)
Press: ? - help, Q - select action, (/) - cycle Shift-Dir - straight line, f/p - orc
Aim: an orc, wielding a +0 trident and wearing a +0 scale mail (lightly wounded, very poisoned, 66% to hit)
You throw a poisoned dart. The poisoned dart hits the orc.
The orc looks even sicker.
The orc is lightly wounded.
The endoplasm freezes you.
You are frozen.
* * * LOW HITPOINT WARNING * * *
The orc hits you from afar with a +0 trident!
You die...

##...########...Y..
#8...8##.........#.
##...###.........#.
#...# #...........
##Y..###..÷........
#8...8###..÷.......
##n..###.........#.
#.J.###...........
#@.o.(...((....>..
#######..........#
#..........#
#>....(...##
#.#...(.....
#.........
#########. #. ..


You could see an ice beast, a necrophage, an orc (very poisoned) and an
endoplasm.

Vanquished Creatures
  Sigmund (D:3)
  A necrophage (D:4)
  A centaur zombie (D:3)
  2 orc wizards (D:2)
  A scorpion simulacrum (D:3)
  3 adders
  A hound simulacrum (D:3)
  An adder skeleton (D:4)
  A worm (D:3)
  2 adder simulacra (D:3)
  2 orcs
  8 bats
  2 endoplasms (D:1)
  3 giant cockroaches
  7 goblins
  4 hobgoblins
  15 jackals
  8 kobolds
  3 quokkas
  9 ball pythons
  5 frilled lizards
  A giant cockroach simulacrum (D:3)
  5 rats
86 creatures vanquished.

Vanquished Creatures (others)
  A fungus (D:1)
  4 plants
5 creatures vanquished.

Grand Total: 91 creatures vanquished

Notes
Turn   | Place    | Note
-------+----------+-------------------------------------------
     0 | D:1      | styxcanada the Spriggan Brigand began the quest for the
                  | Orb.
     0 | D:1      | Reached XP level 1. HP: 10/10 MP: 2/2
   250 | D:1      | Reached skill level 6 in Stealth
   319 | D:1      | Reached XP level 2. HP: 4/15 MP: 3/3
   904 | D:1      | Reached skill level 7 in Stealth
   917 | D:1      | Reached XP level 3. HP: 9/18 MP: 4/4
  1059 | D:1      | Got Otomatt's Incunabulum of Attacks and Ice
  1718 | D:1      | Found a faded altar of an unknown god.
  2018 | D:2      | Reached XP level 4. HP: 20/23 MP: 5/5
  2223 | D:2      | Found Cathruomo's Antique Armour Shoppe.
  2733 | D:3      | Found a runed translucent gate.
  2733 | D:3      | Found a runed translucent gate.
  2733 | D:3      | Found a runed translucent gate.
  2770 | D:3      | Found a snail-covered altar of Cheibriados.
  2849 | D:3      | Reached skill level 8 in Stealth
  2876 | D:3      | Noticed Icepheonix32's ghost (amateur DsFi)
  3022 | D:3      | Noticed Sigmund
  3037 | D:3      | HP: 1/23 [Sigmund/puff of flame (10)]
  3069 | D:3      | Killed Sigmund
  3070 | D:3      | Reached XP level 5. HP: 4/26 MP: 6/6
  3070 | D:3      | Reached XP level 6. HP: 4/30 MP: 7/7
  4401 | D:4      | Reached skill level 1 in Shields
  4421 | D:4      | Reached skill level 9 in Stealth
  4666 | D:4      | Noticed an ice beast
  4786 | D:4      | Slain by an orc

Illustrated notes

Levels and vault maps discovered:
D:1:      lightli_arrival_statuegarden, layout_basic,
          shapermc_ecumenical_altar_petra
D:2:      layout_basic, serial_shops, nicolae_shop_overgrown_old_shop
D:3:      layout_loops_ring, chei_slow_surprise, gammafunk_ghost_icy,
          minivault_4, minmay_pentangle, uniq_sigmund
D:4:      layout_rooms, serial_corexii_hall, chequers_hall_statues_corner_a,
          corexii_hall_statues_s, corexii_hall_statues_i,
          corexii_hall_statues_x, corexii_hall_statues_l,
          corexii_hall_statues_x, minivault_25, minmay_misc_feat_alley,
          minmay_diced_spiral

Skill      XL: |  1  2  3  4  5  6 |
---------------+-------------------+-----
Stealth        | 6 7 8 9 |  9.1
Fighting       | 2 |  2.5
Dodging        | 2 3 4 |  4.0
Short Blades   | 3 |  3.3
Shields        | 1 |  1.2
Throwing       | 3 |  3.0

Action                   |  1- 3 |  4- 6 || total
-------------------------+-------+-------++-------
Melee: Dagger            |   123 |   186 ||   309
Throw: Dart              |    22 |    32 ||    54
  Use: Scroll            |       |     8 ||     8
       Potion            |       |     1 ||     1
 Stab: Sleeping          |    12 |     8 ||    20
       Distracted        |       |     3 ||     3
Armor: Robe              |    17 |    21 ||    38
Dodge: Dodged            |    97 |   166 ||   263
Block: Buckler           |       |    61 ||    61
